 Dungeon Crawl Stone Soup version 0.27.0-1-g7a089689b8 (webtiles) character file.

Game seed: 16358415340239862862

89 MajorAdolf the Sneak (level 4, 0/38 HPs)
             Began as a Naga Wanderer on Aug 5, 2021.
             Slain by a crimson imp (1 damage)
             ... summoned by Natasha
             ... on level 3 of the Dungeon.
             The game lasted 00:06:01 (3448 turns).

MajorAdolf the Sneak (Naga Wanderer)                Turns: 3448, Time: 00:06:01

Health: 0/38       AC:  2    Str: 16    XL:     4   Next: 55%
Magic:  8/8        EV:  9    Int: 12    God:
Gold:   104        SH:  4    Dex: 16    Spells: 6/9 levels left

rFire    . . .     SeeInvis +   e - +1 dagger (flame)
rCold    . . .     Faith    .   c - +0 buckler
rNeg     . . .     Spirit   .   b - +0 robe
rPois    +         Reflect  .   (no helmet)
rElec    .         Harm     .   (no cloak)
rCorr    .         Rampage  .   (no gloves)
Will     +....                  (no barding)
Stlth    +++.......             (no amulet)
HPRegen  0.12/turn              j - +6 ring of dexterity
MPRegen  0.11/turn              l - ring of willpower

@: very slow
A: AC +1, large, see invisible, deformed body, poison resistance, slowness 2,
spit poison 1, naga tail 1
a: Spit Poison


You were on level 3 of the Dungeon.
You visited 1 branch of the dungeon, and saw 3 of its levels.

You collected 104 gold pieces.

Inventory:

Hand Weapons
 a - a +0 club
 d - a +0 dagger
 e - a +1 dagger of flaming (weapon)
 s - a +3 short sword
Armour
 b - a +0 robe (worn)
 c - a +0 buckler (worn)
Jewellery
 g - a ring of ice
 j - a +6 ring of dexterity (left hand)
 l - a ring of willpower (right hand)
Wands
 q - a wand of digging (6)
Scrolls
 i - 2 scrolls of identify {unknown}
 k - 2 scrolls of fog {unknown}
 p - a scroll of torment {unknown}
 r - 2 scrolls of amnesia {unknown}
Potions
 f - 4 potions of curing
 h - a potion of might {unknown}
 m - 2 potions of haste {unknown}
 n - a potion of attraction {unknown}
 o - a potion of lignification {unknown}


   Skills:
 - Level 1.0 Fighting
 - Level 1.0 Staves
 - Level 1.0 Dodging
 + Level 4.6 Stealth
 - Level 1.0 Shields
 + Level 3.2 Spellcasting
 + Level 0.4 Conjurations
 - Level 1.0 Hexes
 + Level 0.3 Earth Magic
 - Level 2.6 Poison Magic


You had 6 spell levels left.
You knew the following spells:

 Your Spells              Type           Power      Damage    Failure   Level
a - Stone Arrow           Conj/Erth      4%         3d7       63%         3

Your spell library contained the following spells:

 Spells                   Type           Power      Damage    Failure   Level
 Magic Dart               Conj           8%         1d3       26%         1
 Sandblast                Erth           4%         2d4       28%         1
 Slow                     Hex            4%         N/A       32%         2
 Blink                    Tloc           N/A        N/A       43%         2
 Call Imp                 Summ           1%         N/A       43%         2
 Corpse Rot               Necr/Air       N/A        N/A       43%         2
 Mephitic Cloud           Conj/Pois/Air  4%         N/A       52%         3
 Conjure Flame            Conj/Fire      2%         6-21      65%         3
 Dispel Undead            Necr           1%         3d6       97%         4
 Conjure Ball Lightning   Conj/Air       1%         3x3d6     100%        6
 Death Channel            Necr           0%         N/A       100%        6
 Discord                  Hex            2%         N/A       100%        8
 Disjunction              Tloc           0%         N/A       100%        8


Dungeon Overview and Level Annotations

Branches:
Dungeon (3/15)

Altars:

Shops:
D:2 ?

Annotations:
D:3 exclusion: orc, Grinder, Natasha


Innate Abilities, Weirdness & Mutations

Your serpentine skin is tough. (AC +1)
You have supernaturally acute eyesight. (SInv)
Armour fits poorly on your strangely shaped body.
Your system is resistant to poisons. (rPois)
You cover ground very slowly.
You can spit poison.
You have a snake-like lower body.


Message History

Natasha is moderately wounded.
You have got your breath back.
Natasha casts a spell at you. The magic dart hits you!
The crimson imp hits you.
You are too injured to fight recklessly!
You are too injured to fight recklessly!
Unknown command.
You barely miss Natasha.
Natasha is moderately wounded.
Natasha claws you. You block the crimson imp's attack.
You closely miss Natasha.
Natasha is moderately wounded.
Natasha claws you. The crimson imp hits you.
You barely miss Natasha.
Natasha is moderately wounded.
Natasha wildly gestures.
Natasha glows brightly for a moment.
Natasha mumbles some strange words.
The crimson imp barely misses you.
Unknown command.
You barely miss Natasha.
Natasha is moderately wounded.
Natasha claws you.
* * * LOW HITPOINT WARNING * * *
The crimson imp hits you.
* * * LOW HITPOINT WARNING * * *
The shadow imp sputters.
You hit Natasha but do no damage.
Natasha is moderately wounded.
Natasha casts a spell.
The crimson imp completely misses you.
You hit Natasha but do no damage.
Natasha is moderately wounded.
Natasha closely misses you. You block the crimson imp's attack.
You closely miss Natasha.
Natasha is moderately wounded.
Natasha claws you!
* * * LOW HITPOINT WARNING * * *
The crimson imp hits you.
You die...

#.##.#.#.........#.#.#
#.##.######..... #.# #
#.##.# ##.........
#.##.# ......r....
#.##.# #.......... #.#
##..##.#.# #######.##
.........
.........#######........
.######..55h@5.......#
##.#######..##.# ..
#######.#######..# .#.#
.................# ....
#######.#######..# #
.... #.# ####..##.####
#.# #............
#.#######..##.####
#..........# #


You could see Natasha, 2 crimson imps and a shadow imp (summoned).

Vanquished Creatures
  Natasha (D:3)
  An adder (D:2)
  4 orcs (D:3)
  3 endoplasms
  2 giant cockroaches (D:1)
  2 goblins (D:1)
  3 hobgoblins (D:3)
  4 jackals
  4 quokkas
  6 ball pythons
  2 bats
  4 frilled lizards
  6 kobolds
  6 rats
48 creatures vanquished.

Notes
Turn   | Place    | Note
-------+----------+-------------------------------------------
     0 | D:1      | MajorAdolf the Naga Wanderer began the quest for the Orb.
     0 | D:1      | MajorAdolf set off with the following items: a +0 club, a
                  | +0 robe, a +0 buckler; and the following spells available
                  | to memorise: Magic Dart, Sandblast, Slow, Blink, Call Imp,
                  | Mephitic Cloud, Conjure Flame, Stone Arrow
     0 | D:1      | Reached XP level 1. HP: 18/18 MP: 3/3
   281 | D:1      | Reached skill level 2 in Stealth
   399 | D:1      | Reached XP level 2. HP: 13/25 MP: 5/5
  1039 | D:1      | Reached skill level 3 in Stealth
  1350 | D:2      | Found Biociass's Magic Scroll Boutique.
  1443 | D:2      | Found a faded altar of an unknown god.
  1520 | D:2      | Reached XP level 3. HP: 31/31 MP: 6/6
  2619 | D:3      | Noticed Natasha
  2626 | D:3      | Killed Natasha
  2627 | D:3      | Reached skill level 4 in Stealth
  2627 | D:3      | Reached XP level 4. HP: 38/38 MP: 8/8
  2640 | D:3      | Learned a level 3 spell: Stone Arrow
  2807 | D:3      | Noticed Grinder
  3427 | D:3      | Noticed Natasha
  3448 | D:3      | HP: 1/38 [Natasha (7)]
  3448 | D:3      | Slain by a crimson imp

Illustrated notes

Levels and vault maps discovered:
D:1:      elethiomel_arrival_shortcut, layout_rooms, corner_web_ring,
          minmay_pentomino_u2
D:2:      layout_basic, serial_shops, shop,
          shapermc_ecumenical_altar_totnotflames, minivault_5
D:3:      layout_basic, uniq_jessica, uniq_natasha, uniq_grinder

Skill      XL: |  1  2  3 |
---------------+----------+-----
Stealth        | 2 3 4 |  4.6
Spellcasting   | 3 |  3.2
Fighting       | |  1.0
Staves         | |  1.0
Dodging        | |  1.0
Shields        | |  1.0
Conjurations   | |  0.4
Hexes          | |  1.0
Earth Magic    | |  0.3
Poison Magic   | |  2.6

Action                   |  1- 3 |  4- 6 || total
-------------------------+-------+-------++-------
Melee: Dagger            |    72 |    34 ||   106
 Abil: Spit Poison       |    22 |    13 ||    35
 Stab: Sleeping          |     3 |     2 ||     5
Armor: Robe              |    10 |     2 ||    12
Dodge: Dodged            |    45 |    12 ||    57
Block: Buckler           |    17 |     4 ||    21
